 Dungeon Crawl Stone Soup version 0.31-a0-1317-gdfb52cb (webtiles) character file.

Game seed: 3886141596779273893

40 sdynet the Apothecary (level 3, -3/28 HPs)
             Began as a Naga Alchemist on Dec 20, 2023.
             Slain by a worm (10 damage)
             ... on level 1 of the Dungeon.
             The game lasted 00:04:00 (824 turns).

sdynet the Apothecary (Naga Alchemist)               Turns: 824, Time: 00:04:01

Health: -3/28      AC:  2    Str: 10    XL:     3   Next: 50%
Magic:  0/7        EV:  9    Int: 17    God:
Gold:   47         SH:  0    Dex: 11    Spells: 1/7 levels left

rFire   . . .        f - +0 dagger
rCold   . . .        (no shield)
rNeg    . . .        a - +0 robe
rPois   +            (no helmet)
rElec   .            (no cloak)
rCorr   .            (no gloves)
SInv    +            (no barding)
Will    .....        (no amulet)
Stlth   ++           (no ring)
HPRegen 0.24/turn    (no ring)
MPRegen 0.10/turn

%: no passive effects
@: very slow
A: AC +1, large, see invisible, deformed body, poison resistance, slowness 2,
spit poison 1, naga tail 1
a: Spit Poison


You were on level 1 of the Dungeon.
You visited 1 branch of the dungeon, and saw 1 of its levels.

You collected 47 gold pieces.

Inventory:

Hand Weapons
 f - a +0 dagger (weapon)
Armour
 a - a +0 robe (worn)
Scrolls
 c - a scroll of vulnerability {unknown}
 d - a scroll of blinking {unknown}
 h - a scroll of amnesia {unknown}
 j - a scroll of identify {unknown}
Potions
 b - a potion of magic {!q}
 e - a potion of attraction {unknown}
 g - a potion of heal wounds {unknown}
 i - a potion of resistance {unknown}


   Skills:
 - Level 1.5 Dodging
 - Level 3.0 Stealth
 + Level 2.9 Spellcasting
 - Level 1.0 Conjurations
 + Level 4.5 Alchemy


You had one spell level left.
You knew the following spells:

 Your Spells              Type           Power      Damage    Failure   Level
a - Sting                 Conj/Alch      44%        1d5       5%          1
b - Mercury Vapours       Alch/Air       20%        N/A       11%         2
c - Mephitic Cloud        Conj/Alch/Air  8%         N/A       24%         3

Your spell library contained the following spells:

 Spells                   Type           Power      Damage    Failure   Level
 Olgreb's Toxic Radiance  Alch           18%        N/A       26%         4
 Sticky Flame             Fire/Alch      10%        2d5       56%         4


Dungeon Overview and Level Annotations

Branches:
Dungeon (1/15)

Altars:


Innate Abilities, Weirdness & Mutations

Your serpentine skin is tough. (AC +1)
You have supernaturally acute eyesight. (SInv)
Armour fits poorly on your strangely shaped body.
Your system is resistant to poisons. (rPois)
You cover ground very slowly.
You can spit poison.
You have a snake-like lower body.


Message History

You have got your breath back.
The jackal closely misses you.
You hit the jackal.
The jackal is severely wounded.
The jackal bites you.
You barely miss the jackal.
The jackal is severely wounded.
The jackal closely misses you.
You barely miss the jackal.
The jackal is severely wounded.
The jackal bites you.
The jackal bites you but does no damage.
You hit the jackal.
You kill the jackal!
Aiming: Spit Poison (2% risk of failure)
Press: ? - help, Shift-Dir - straight line, f - worm
Aim: a worm (86% to hit)
The splash of poison misses the worm.
Casting: Sting (safe; 5% risk of failure)
Confirm with . or Enter, or press ? or * to list all spells.
Aiming: Sting (safe; 5% risk of failure)
Press: ? - help, Shift-Dir - straight line, f/p - worm
Aim: a worm (90% to hit)
The sting hits the worm.
The worm is poisoned.
The worm is lightly wounded.
The worm bites you.
* * * LOW HITPOINT WARNING * * *
Casting: Sting (safe; 5% risk of failure)
Confirm with . or Enter, or press ? or * to list all spells.
Aiming: Sting (safe; 5% risk of failure)
Press: ? - help, Shift-Dir - straight line, f/p - worm
Aim: a worm (lightly wounded, poisoned, 90% to hit)
The sting hits the worm.
The worm looks even sicker.
The worm is lightly wounded.
You have got your breath back.
The worm attacks as it pursues you! The worm bites you.
* * * LOW HITPOINT WARNING * * *
There is a staircase leading out of the dungeon, spattered with blood here.
The worm attacks as it pursues you! The worm bites you!
You die...

#.............##.................
#.......#......................##
#.......#.#.........###...######
#..............#.##.# #...#
.######..........##.###...#
.######...................#
.....##.###'#######+###...#
####....#..⌠...>...⌠..#..##
####..#.#......w@.....#..#
#.......+⌠....###.(..⌠+..#
..##.##.#.......†.....#..########
####.##.#######†#######..........
.....##)#......††.....#...#####.#
#######.#.............#...# #.#
#.#.............#...# #.#
#.###############..## #.#
#..................#### #.#


You could see a worm (poisoned).

Vanquished Creatures
  A gnoll (D:1)
  3 endoplasms (D:1)
  5 giant cockroaches (D:1)
  2 hobgoblins (D:1)
  3 jackals (D:1)
  A quokka (D:1)
  2 ball pythons (D:1)
  4 bats (D:1)
  A frilled lizard (D:1)
  A kobold (D:1)
  4 rats (D:1)
27 creatures vanquished.

Notes
Turn   | Place    | Note
-------+----------+-------------------------------------------
     0 | D:1      | sdynet the Naga Alchemist began the quest for the Orb.
     0 | D:1      | Reached XP level 1. HP: 15/15 MP: 3/3
     1 | D:1      | Found a runed translucent door.
    39 | D:1      | Reached skill level 4 in Alchemy
    39 | D:1      | Reached XP level 2. HP: 14/22 MP: 3/5
    45 | D:1      | Learned a level 2 spell: Mercury Vapours
   619 | D:1      | Reached XP level 3. HP: 28/28 MP: 4/6
   623 | D:1      | Learned a level 3 spell: Mephitic Cloud
   824 | D:1      | Slain by a worm

Illustrated notes

Levels and vault maps discovered:
D:1:      dpeg_arrival_caged_fury, layout_loops_cross

Skill      XL: |  1 |
---------------+----+-----
Alchemy        | 4 |  4.5
Dodging        | |  1.5
Stealth        | |  3.0
Spellcasting   | |  2.9
Conjurations   | |  1.0

Action                     || total
---------------------------++-------
  Melee: Dagger            ||    27
         Unarmed           ||     1
   Cast: Sting             ||    19
         Mercury Vapours   ||     3
Ability: Spit Poison       ||    19
    Use: Potion            ||     1
   Stab: Sleeping          ||     1
 Armour: Robe              ||    42
  Dodge: Dodged            ||    30

Table legend: (Time is in decaauts)
 A = Elapsed time spent in this place.
 B = Non-inter-level travel time spent in this place.
 C = Inter-level travel time spent in this place.
 D = Time resting spent in this place.
 E = Time spent auto-exploring this place.
 F = Levels seen in this place.
 G = Mean time per level.
                   A        B        C        D        E       F      G
               +--------+--------+--------+--------+--------+-----+--------+
         Total |   1050 |    976 |     74 |      0 |    809 |   1 | 1050.0 |
       Dungeon |   1050 |    976 |     74 |      0 |    809 |   1 | 1050.0 |
               +--------+--------+--------+--------+--------+-----+--------+

Top non-repeatable levels by time:
     D:1: 1050 daAuts
